 Dungeon Crawl Stone Soup version 0.31-a0-744-gbc345e7fcb (webtiles) character file.

Game seed: 8058816322189055044

3337 IdlyInterested the Trooper (level 9, -9/71 (74) HPs)
             Began as a Demonspawn Fighter on Sept 13, 2023.
             Mangled by a wight
             ... wielding a +3 trident
              (10 damage)
             ... on level 7 of the Dungeon.
             The game lasted 00:20:23 (6294 turns).

IdlyInterested the Trooper (Demonspawn Fighter)     Turns: 6294, Time: 00:20:24

HP:   -9/71 (74)    AC: 17    Str: 17    XL:     9   Next: 72%
MP:   9/9           EV:  6    Int: 10    God:
Gold: 306           SH:  6    Dex: 16    Spells: 8/8 levels left

rFire   . . .        y - +1 short sword (venom)
rCold   . . .        E - +0 buckler
rNeg    . . .        N - +0 plate armour
rPois   .            c - +0 helmet
rElec   .            (no cloak)
rCorr   .            P - +0 pair of gloves
SInv    .            (no boots)
Will    .....        (no amulet) Stlth
                     s - ring of flight
HPRegen 0.31/turn    (no ring)
MPRegen 0.11/turn

%: no passive effects
@: mighty, flying, lightly drained
A: hooves 1, yellow scales 2, powered by pain 2, spiny 1
a: no special abilities


You were on level 7 of the Dungeon.
You visited 1 branch of the dungeon, and saw 7 of its levels.

You collected 306 gold pieces.

Inventory:

Hand Weapons
 f - a +0 hand axe of flaming
 y - a +1 short sword of venom (weapon)
 I - a +0 war axe
 M - a +0 battleaxe
Missiles
 b - 3 darts of dispersal
 l - 44 stones (quivered)
 B - 2 poisoned darts
 C - a boomerang
 O - a curare-tipped dart
Armour
 c - a +0 helmet (worn)
 E - a +0 buckler (worn)
 G - a +3 leather armour
 N - a +0 plate armour (worn)
 P - a +0 pair of gloves (worn)
Magical Staves
 J - a staff of death
Jewellery
 s - a ring of flight (left hand)
 D - a ring of wizardry
Talismans
 o - a beast talisman
Wands
 m - a wand of flame (24)
 n - a wand of polymorph (12)
Scrolls
 d - a scroll of revelation
 e - a scroll of fear
 h - a scroll of vulnerability
 j - a scroll of amnesia
 k - 2 scrolls of teleportation
 x - a scroll of noise
 A - a scroll of enchant weapon
 F - 2 scrolls of fog {unknown}
 L - 2 scrolls of poison {unknown}
 Q - a scroll of blinking {unknown}
Potions
 i - a potion of heal wounds {unknown}
 p - a potion of invisibility {unknown}
 q - a potion of might
 r - a potion of mutation {unknown}
 t - a potion of lignification
 v - 2 potions of attraction
 w - 2 potions of curing
 H - a potion of resistance {unknown}


   Skills:
 + Level 7.9 Fighting
 - Level 1.7 Short Blades
 * Level 4.6 Axes
 - Level 1.0 Throwing
 - Level 5.0 Armour
 - Level 5.0 Dodging
 - Level 1.0 Stealth
 - Level 7.0 Shields
 - Level 1.0 Evocations
 - Level 1.0 Shapeshifting


You had 8 spell levels left.
You didn't know any spells.
Your spell library contained the following spells:

 Spells                   Type           Power      Damage    Failure   Level
 Sandblast                Erth           0%         2d4       100%        1
 Blink                    Tloc           0%         N/A       100%        2
 Lesser Beckoning         Tloc           0%         N/A       100%        2
 Momentum Strike          Conj/Tloc      0%         3d8       100%        2
 Passwall                 Tmut/Erth      0%         N/A       100%        2
 Stone Arrow              Conj/Erth      0%         3d7       100%        3


Dungeon Overview and Level Annotations

Branches:
Dungeon (7/15)
 Temple: D:4-7

Altars:
Dithmenos
Makhleb
Nemelex Xobeh
Uskayaw
Yredelemnul


Innate Abilities, Weirdness & Mutations

You have large cloven feet.
You are mostly covered in yellow scales. (AC +3)
You sometimes gain power by taking damage.
You are partially covered in sharp spines.


Message History

The sky beast hits you but does no damage.
You completely miss the sky beast.
The sky beast is moderately wounded.
The sky beast closely misses you.
You feel very mighty all of a sudden.
A wight comes into view. It is wielding a +2 spear.
The sky beast flickers out of sight!
Deactivating autopickup; reactivate with Ctrl-A.
Something hits you but does no damage. The wight is struck by your spines.
The wight closely misses you.
You barely miss the wight. You kick the wight.
The wight is moderately damaged.
The wight hits you from afar with a +3 halberd of freezing.
You feel drained. The wight freezes you. Something hits you.
Something shocks you. You block the wight's attack.
You puncture the wight! You kick the wight.
You destroy the wight!
The wight hits you from afar with a +3 halberd of freezing!
You feel drained. The wight freezes you. Something hits you.
* * * LOW HITPOINT WARNING * * *
Something shocks you.
* * * LOW HITPOINT WARNING * * *
You puncture something! Your kick misses something.
The wight hits you from afar with a +3 halberd of freezing.
* * * LOW HITPOINT WARNING * * *
The wight freezes you.
* * * LOW HITPOINT WARNING * * *
Reactivating autopickup.
You feel a bit more experienced.
The wight hits you from afar with a +3 trident!
* * * LOW HITPOINT WARNING * * *
You feel mightier all of a sudden.
The wight hits you from afar with a +3 halberd of freezing.
* * * LOW HITPOINT WARNING * * *
You feel drained.
* * * LOW HITPOINT WARNING * * *
The wight freezes you.
* * * LOW HITPOINT WARNING * * *
The wight hits you from afar with a +3 trident!
You die...

.'.....#
#..#..# ##
#.<#..# #...
##.....##.#.#
#)..........
###z.#.##.##
#..z.....
#.##).#.#
#zz.@.# #
#######


You could see 3 wights.

Vanquished Creatures
  Sigmund (D:2)
  6 humans (D:6)
  A sky beast (D:7)
  A black bear (D:6)
  3 ogres
  2 orc warriors (D:6)
  2 ice beasts (D:6)
  A centaur (D:7)
  3 phantoms
  A kobold brigand (D:6)
  A bullfrog (D:5)
  3 scorpions (D:5)
  4 wights
  A howler monkey (D:5)
  3 hounds
  2 jellies
  4 iguanas
  2 sleepcaps (D:5)
  6 orc wizards
  9 adders
  A shadow imp (D:5)
  A white imp (D:6)
  2 ufetubi
  3 worms
  6 dart slugs
  20 orcs
  5 endoplasms
  12 goblins
  6 hobgoblins
  8 kobolds
  3 quokkas
  8 ball pythons
  6 bats
  3 frilled lizards
  7 rats
147 creatures vanquished.

Notes
Turn   | Place    | Note
-------+----------+-------------------------------------------
     0 | D:1      | IdlyInterested the Demonspawn Fighter began the quest for
                  | the Orb.
     0 | D:1      | Reached XP level 1. HP: 18/18 MP: 1/1
   271 | D:1      | Gained mutation: You sometimes gain a little power by
                  | taking damage. [demonic ancestry]
   271 | D:1      | Reached XP level 2. HP: 16/24 MP: 2/2
   411 | D:1      | Reached skill level 1 in Dodging
   676 | D:2      | Gained mutation: You sometimes gain power by taking damage.
                  | [demonic ancestry]
   676 | D:2      | Reached XP level 3. HP: 28/29 MP: 3/3
   798 | D:2      | Noticed Sigmund
   806 | D:2      | Killed Sigmund
   807 | D:2      | Reached XP level 4. HP: 29/38 MP: 4/4
   807 | D:2      | Gained mutation: You are partially covered in yellow
                  | scales. (AC +2) [demonic ancestry]
   807 | D:2      | Reached XP level 5. HP: 33/43 MP: 5/5
  1046 | D:2      | Reached skill level 1 in Throwing
  1524 | D:3      | Reached skill level 1 in Stealth
  1571 | D:3      | Reached skill level 5 in Fighting
  1571 | D:3      | Reached skill level 1 in Evocations
  1586 | D:3      | Found a burning altar of Makhleb.
  1642 | D:3      | Gained mutation: You are partially covered in sharp spines.
                  | [demonic ancestry]
  1642 | D:3      | Reached XP level 6. HP: 49/51 MP: 6/6
  1865 | D:3      | Found a shadowy altar of Dithmenos.
  2141 | D:3      | Found a faded altar of an unknown god.
  2153 | D:3      | Found a hide-covered altar of Uskayaw.
  2412 | D:4      | Found a basalt altar of Yredelemnul.
  2947 | D:5      | Entered Level 5 of the Dungeon
  3205 | D:5      | Reached XP level 7. HP: 51/57 MP: 7/7
  3979 | D:5      | Reached skill level 5 in Shields
  4060 | D:5      | Gained mutation: You are mostly covered in yellow scales.
                  | (AC +3) [demonic ancestry]
  4060 | D:5      | Reached XP level 8. HP: 48/64 MP: 8/8
  4674 | D:6      | Found a sparkling altar of Nemelex Xobeh.
  5221 | D:6      | Reached skill level 5 in Armour
  5291 | D:6      | Reached skill level 1 in Shapeshifting
  5314 | D:6      | Gained mutation: You have large cloven feet. [demonic
                  | ancestry]
  5314 | D:6      | Reached XP level 9. HP: 24/72 MP: 9/9
  5332 | D:6      | Reached skill level 5 in Dodging
  5334 | D:6      | Reached skill level 1 in Axes
  6294 | D:7      | HP: 3/72 [wight/+3 halberd of freezing (2)]
  6294 | D:7      | HP: 1/71 [wight/+3 halberd of freezing (1)]
  6294 | D:7      | Mangled by a wight

Illustrated notes

Levels and vault maps discovered:
D:1:      minmay_arrival_nine_rooms, layout_rooms
D:2:      layout_basic, uniq_sigmund
D:3:      layout_rooms, pf_just_have_faith, bloody_makhleb,
          nicolae_overflow_ecumenical_swirl
D:4:      layout_basic, lemuel_tele_altar
D:5:      layout_layer_cave
D:6:      layout_loops_corners, nemelex_xobeh_ov_fountains_minmay,
          minmay_ruffians
D:7:      layout_basic, minmay_temple_entry_butterflies,
          gammafunk_ghost_necromancy, nrook_pool_corridor, minmay_holes

Skill      XL: |  1  2  3  4  5  6  7  8  9 |
---------------+----------------------------+-----
Armour         | 3 4 5 |  5.0
Dodging        | 1 3 4 5 |  5.0
Fighting       | 4 5 6 7 |  7.9
Throwing       | 1 |  1.0
Stealth        | 1 |  1.0
Evocations     | 1 |  1.0
Shields        | 3 5 6 7 |  7.0
Shapeshifting  | 1 |  1.0
Axes           | 4 |  4.6
Short Blades   | |  1.7

Action                     |  1- 3 |  4- 6 |  7- 9 || total
---------------------------+-------+-------+-------++-------
  Melee: Rapier            |    84 |   140 |       ||   224
         Short sword       |       |    61 |   300 ||   361
         Kick              |       |       |    39 ||    39
         Hand axe          |       |       |    22 ||    22
  Throw: Stone             |       |     2 |     3 ||     5
    Use: Potion            |     1 |     2 |     4 ||     7
         Scroll            |       |     1 |     6 ||     7
 Armour: Scale mail        |    67 |   131 |    78 ||   276
         Leather armour    |       |       |    46 ||    46
         Plate armour      |       |       |    76 ||    76
  Dodge: Dodged            |    43 |    91 |   112 ||   246
  Block: Buckler           |    19 |    49 |    81 ||   149

Table legend: (Time is in decaauts)
 A = Elapsed time spent in this place.
 B = Non-inter-level travel time spent in this place.
 C = Inter-level travel time spent in this place.
 D = Time resting spent in this place.
 E = Time spent auto-exploring this place.
 F = Levels seen in this place.
 G = Mean time per level.
                   A        B        C        D        E       F      G
               +--------+--------+--------+--------+--------+-----+--------+
         Total |   6318 |   5694 |    624 |    795 |   3292 |   7 |  902.6 |
       Dungeon |   6318 |   5694 |    624 |    795 |   3292 |   7 |  902.6 |
               +--------+--------+--------+--------+--------+-----+--------+

Top non-repeatable levels by time:
     D:6: 1678 daAuts
     D:5: 1525 daAuts
     D:2: 953 daAuts
     D:3: 756 daAuts
     D:4: 679 daAuts
     D:1: 673 daAuts
     D:7: 51 daAuts
